 Dungeon Crawl Stone Soup version 0.29.1-2-gbd0b4ee654 (webtiles) character file.

Game seed: 2155135653097451608

510 Firos the Poker (level 7, -2/62 HPs)
             Began as a Hill Orc Monk on Nov 8, 2022.
             Was a Believer of Beogh.
             Killed by divine providence
             ... invoked by an orc priest
              (16 damage)
             ... on level 5 of the Dungeon.
             The game lasted 00:09:26 (5482 turns).

Firos the Poker (Hill Orc Monk)                     Turns: 5482, Time: 00:09:27

Health: -2/62      AC:  8    Str: 16    XL:     7   Next: 19%
Magic:  1/7        EV: 10    Int: 10    God:    Beogh [**....]
Gold:   222        SH:  0    Dex: 13    Spells: 6/6 levels left

rFire   . . .      SeeInvis .   a - +0 spear
rCold   . . .      Faith    .   (no shield)
rNeg    . . .      Spirit   .   w - +0 scale mail
rPois   +          Reflect  .   s - +0 helmet
rElec   .          Harm     .   (no cloak)
rCorr   .          Rampage  .   (no gloves)
Will    .....                   (no boots)
Stlth   ..........              (no amulet)
HPRegen 0.20/turn               t - ring of poison resistance
MPRegen 0.10/turn               (no ring)

@: attractive
A: no striking features
a: Renounce Religion, Smiting


You were on level 5 of the Dungeon.
You worshipped Beogh.
Beogh was pleased with you.
You visited 1 branch of the dungeon, and saw 5 of its levels.

You collected 222 gold pieces.

Inventory:

Hand Weapons
 a - a +0 spear (weapon)
 x - a +0 flail
Armour
 h - a +0 plate armour
 s - a +0 helmet (worn)
 w - a +0 scale mail (worn)
Jewellery
 t - a ring of poison resistance (left hand)
Scrolls
 b - a scroll of fog
 d - a scroll of noise
 f - a scroll of poison {unknown}
 j - a scroll of brand weapon {unknown}
 m - 2 scrolls of magic mapping {unknown}
 n - 2 scrolls of teleportation {unknown}
 q - a scroll of fear {unknown}
 u - a scroll of enchant weapon {unknown}
 v - 2 scrolls of identify
Potions
 c - a potion of ambrosia
 g - 3 potions of curing
 i - 2 potions of attraction
 k - 2 potions of brilliance
 l - 3 potions of haste {unknown}
 o - a potion of resistance {unknown}
 p - 2 potions of lignification {unknown}


   Skills:
 + Level 5.6 Fighting
 * Level 6.6 Polearms
 + Level 3.6 Armour
 - Level 2.4 Dodging
 - Level 1.5 Stealth


You had 6 spell levels left.
You didn't know any spells.
Your spell library contained the following spells:

 Spells                   Type           Power      Damage    Failure   Level
 Beastly Appendage        Tmut           0%         N/A       78%         1
 Sandblast                Erth           0%         2d4       78%         1
 Passwall                 Tmut/Erth      0%         N/A       89%         2
 Wereblood                Tmut           0%         N/A       89%         2
 Spider Form              Tmut/Pois      0%         N/A       98%         3
 Stone Arrow              Conj/Erth      0%         3d7       98%         3
 Tukima's Dance           Hex            0%         N/A       98%         3
 Animate Armour           Summ/Erth      0%         N/A       100%        4
 Passage of Golubria      Tloc           0%         N/A       100%        4
 Yara's Violent Unravell  Hex/Tmut       0%         3d3       100%        5
 Lehudib's Crystal Spear  Conj/Erth      0%         10d2      100%        8


Dungeon Overview and Level Annotations

Branches:
Dungeon (5/15)
 Temple: D:4-7

Altars:

Annotations:
D:3 Grinder


Message History

You struggle to resist.
Throw: dart (atropa)
Press: ? - help, Q - select action, (/) - cycle Shift-Dir - straight line, f/p - orc priest
Aim: an orc priest, wielding a +0 club (59% to hit, chance to blind on hit: 80%)
You throw an atropa-tipped dart.
The atropa-tipped dart hits the orc priest.
The orc priest appears confused.
The orc seems less confused.
The orc priest closely misses you. The orc closely misses you.
The orc priest hits the orc wizard with a +0 club.
You hit the orc priest.
The orc priest is moderately wounded.
You strike the helpless orc priest from behind!
You hit the orc priest.
The orc priest is heavily wounded.
The orc priest seems less confused.
The orc priest hits you with a +2 antimagic hand axe.
The orc barely misses you.
The orc wizard hits you but does no damage.
You catch the helpless orc priest completely off-guard!
You hit the orc priest.
The orc priest is heavily wounded.
The orc priest is no longer blind.
The orc priest hits you but does no damage.
The orc closely misses you. The orc wizard casts a spell at you.
The puff of flame hits you!
It was a potion of attraction.
You feel attractive to monsters.
The orc is no longer blind.
The orc priest hits you with a +2 antimagic hand axe!
* * * LOW HITPOINT WARNING * * *
You feel your power leaking away. The orc hits you but does no damage.
The orc wizard barely misses you.
This is a scroll of acquirement!
Something appears at your feet!
The orc priest is no longer blind.
The orc priest calls down the wrath of Beogh upon you.
Beogh smites you!
You die...
Beogh appreciates the orc priest's killing of a heretic priest.

#######..o####
...........o.#
#######.####.###
#####.# #...#
#...########.#
#.....#..# #.####
#.....#..# #.g.o#
###..#.....######o#
.....#.......#..@o#
##.#####.....#..o##
#..# #...#.....######
##.......#.......#..#
##########.....#..#
#..#.....# #..#.....#
######...# #####


You could see 2 orc priests, an orc wizard and an orc.

Vanquished Creatures
  A black bear (D:4)
  A necrophage (D:5)
  2 scorpions
  Jessica (D:2)
  Natasha (thrice) (D:3)
  8 gnolls
  An adder (D:3)
  4 worms
  A dart slug (D:1)
  13 orcs
  6 bats
  10 endoplasms
  A giant cockroach (D:2)
  3 goblins
  6 hobgoblins
  7 jackals (D:3)
  7 kobolds
  2 quokkas (D:1)
  9 ball pythons
  5 frilled lizards
  8 rats
99 creatures vanquished.

Vanquished Creatures (others)
  A hound (D:4)
  An orc priest (D:4)
  An orc (D:4)
  A ball python (D:4)
  A fungus (D:1)
5 creatures vanquished.

Grand Total: 104 creatures vanquished

Notes
Turn   | Place    | Note
-------+----------+-------------------------------------------
     0 | D:1      | Firos the Hill Orc Monk began the quest for the Orb.
     0 | D:1      | Reached XP level 1. HP: 19/19 MP: 1/1
   226 | D:1      | Reached XP level 2. HP: 24/27 MP: 2/2
   396 | D:1      | Reached skill level 1 in Armour
   636 | D:1      | Reached skill level 4 in Polearms
   636 | D:1      | Reached XP level 3. HP: 33/33 MP: 3/3
   737 | D:1      | Found a faded altar of an unknown god.
  1513 | D:2      | Noticed Jessica
  1550 | D:2      | Killed Jessica
  1551 | D:2      | Reached XP level 4. HP: 18/41 MP: 4/4
  2095 | D:3      | Noticed Grinder
  2112 | D:3      | Paralysed by Grinder for 3 turns
  2232 | D:3      | Noticed a scorpion
  2245 | D:3      | Killed a scorpion
  2246 | D:3      | Reached skill level 5 in Polearms
  2246 | D:3      | Reached XP level 5. HP: 31/47 MP: 5/5
  2670 | D:3      | Noticed Natasha
  2691 | D:3      | Killed Natasha
  2807 | D:3      | Noticed Natasha
  2822 | D:3      | Killed Natasha
  3092 | D:3      | Reached XP level 6. HP: 37/55 MP: 6/6
  3095 | D:3      | Reached skill level 5 in Fighting
  3575 | D:3      | Noticed Natasha
  3585 | D:3      | Killed Natasha
  3904 | D:4      | Became a worshipper of Beogh the Brigand
  3904 | D:4      | Reached * piety under Beogh
  3904 | D:4      | Reached ** piety under Beogh
  3949 | D:4      | Reached skill level 6 in Polearms
  4278 | D:4      | Noticed a black bear
  4296 | D:4      | Killed a black bear
  4781 | D:5      | Entered Level 5 of the Dungeon
  4828 | D:5      | Noticed a black bear
  4989 | D:5      | Reached XP level 7. HP: 45/61 MP: 7/7
  5482 | D:5      | Identified a scroll of acquirement
  5482 | D:5      | Acquired 520 gold pieces
  5482 | D:5      | Killed from afar by an orc priest

Illustrated notes

Levels and vault maps discovered:
D:1:      dpeg_arrival_tiny_k, layout_rooms, shapermc_ecumenical_altar_ellora,
          nicolae_kite_square_tiling_tiny
D:2:      layout_basic, uniq_jessica
D:3:      layout_basic, fountainhead, uniq_grinder, uniq_natasha
D:4:      layout_rooms, roderic_roman_lattice, serial_bayou_pond_d
D:5:      layout_rooms, chequers_serial_rivers_micro_d, kennysheep_minor_cross,
          nicolae_shop_fire_sale [nicolae_sub_dead_trees], hangedman_decor_push,
          dk_vineyard_3, st_stairs_7

Skill      XL: |  1  2  3  4  5  6 |
---------------+-------------------+-----
Armour         | 1 2 3 |  3.6
Fighting       | 4 5 |  5.6
Polearms       | 4 5 6 |  6.6
Dodging        | |  2.4
Stealth        | |  1.5

Action                   |  1- 3 |  4- 6 |  7- 9 || total
-------------------------+-------+-------+-------++-------
Melee: Spear             |   143 |   329 |    62 ||   534
       Punch             |     1 |     4 |     5 ||    10
Throw: Dart              |     1 |     6 |     6 ||    13
Invok: Convert to Beogh  |       |     1 |       ||     1
  Use: Scroll            |     3 |     2 |     1 ||     6
       Potion            |       |     1 |     1 ||     2
 Stab: Sleeping          |     2 |     5 |       ||     7
       Invisible         |       |     3 |     6 ||     9
Armor: Robe              |    15 |       |       ||    15
       Leather armour    |     9 |    46 |       ||    55
       Scale mail        |       |     8 |    15 ||    23
Dodge: Dodged            |    43 |   144 |    28 ||   215
